 Dungeon Crawl Stone Soup version 0.22.1-1-ga44c0e5 (webtiles) character file.

119 Lauz the Cudgeler (level 4, -8/60 HPs)
             Began as a Minotaur Berserker on Oct 30, 2018.
             Was a Believer of Trog.
             Mangled by Sigmund
             ... wielding a +1 scythe of slicing
              (10 damage)
             ... on level 3 of the Dungeon.
             The game lasted 00:06:03 (2017 turns).

Lauz the Cudgeler (Minotaur Berserker)              Turns: 2017, Time: 00:06:03

Health: -8/60      AC:  5    Str: 27    XL:     4   Next: 74%
Magic:  3/3        EV: 12    Int:  4    God:    Trog [**....]
Gold:   123        SH:  0    Dex: 10    Spells: 3/3 levels left

rFire    . . .     SeeInvis .   a - +0 mace
rCold    . . .     Gourm    .   (no shield)
rNeg     . . .     Faith    .   b - +0 animal skin
rPois    .         Spirit   .   d - +2 hat
rElec    .         Reflect  .   h - +0 cloak
rCorr    .         Harm     .   (no gloves)
MR       .....                  (no boots)
Stlth    ..........             (no amulet)
HPRegen  0.20/turn              (no ring)
MPRegen  0.08/turn              (no ring)

@: berserking, very quick
A: retaliatory headbutt, horns 2
a: Berserk, Trog's Hand, Renounce Religion


You were on level 3 of the Dungeon.
You worshipped Trog.
Trog was pleased with you.
You were very hungry.

You visited 1 branch of the dungeon, and saw 3 of its levels.

You collected 123 gold pieces.

Inventory:

Hand Weapons
 a - a +0 mace (weapon)
Armour
 b - a +0 animal skin (worn)
 d - a +2 hat (worn)
 h - a +0 cloak (worn)
Scrolls
 e - a scroll of teleportation {unknown}
 f - 4 scrolls of identify {unknown}
 m - a scroll of immolation {unknown}
Potions
 g - a potion of agility {unknown}
 i - 3 potions of heal wounds {unknown}
 k - a potion of flight {unknown}
 l - 2 potions of haste {unknown}
Comestibles
 c - 5 rations
 j - 2 chunks of flesh


   Skills:
 + Level 4.3 Fighting
 * Level 6.0 Maces & Flails
 + Level 2.6 Armour
 - Level 2.1 Dodging
 + Level 0.5 Stealth


You had 3 spell levels left.
You didn't know any spells.
Your spell library was empty.

Dungeon Overview and Level Annotations

Branches:
Dungeon (3/15)

Altars:
Kikubaaqudgha

Annotations:
D:3 Sigmund


Innate Abilities, Weirdness & Mutations

You reflexively headbutt those who attack you in melee.
You have a pair of horns on your head.


Message History

You kill the worm!
Trog accepts your kill. The rat barely misses you.
Something hits you but does no damage. The rat bites you but does no damage.
The rat closely misses you. You furiously retaliate!
You headbutt the rat.
You kill the rat!
Trog accepts your kill.
You hear some strange, mumbled words.
A puff of flame appears from out of thin air!
The puff of flame hits you!
* * * LOW HITPOINT WARNING * * *
There is a stone staircase leading down here.
A red film seems to cover your vision as you go berserk!
You feel yourself moving faster!
You feel mighty!
You are feeling very hungry.
Something hits you!
* * * LOW HITPOINT WARNING * * *
x2 You completely miss something.
You hit something. Your headbutt misses something. Something hits you!
You die...

......................
#####..#############
#......# # #.####.#
######## . #.## #.#
#....... #.. #..# #.#
#.###### #...##.###.#
##.######
#......†...#####...#....
#.....{@.........#.#....
#.#.##.##.####.#........
# #.#... ..# #.#####....
...... .>... #....
...#... ..### ###.#
###.##.#.### #.# # #.
#.# #. ##########.#
####.......)...


There were no monsters in sight!

Vanquished Creatures
  Natasha (D:3)
  4 adders (D:2)
  2 worms
  A dart slug (D:2)
  A leopard gecko (D:2)
  7 bats
  2 giant cockroaches
  4 goblins
  6 hobgoblins
  8 jackals
  3 kobolds (D:1)
  2 frilled lizards
  7 rats
48 creatures vanquished.

Notes
Turn   | Place    | Note
-------+----------+-------------------------------------------
     0 | D:1      | Lauz the Minotaur Berserker began the quest for the Orb.
     0 | D:1      | Reached XP level 1. HP: 19/19 MP: 0/0
    67 | D:1      | Reached skill level 4 in Maces & Flails
   200 | D:1      | Found an ancient bone altar of Kikubaaqudgha.
   223 | D:1      | Reached XP level 2. HP: 27/27 MP: 1/1
   769 | D:2      | Reached XP level 3. HP: 18/33 MP: 2/2
  1009 | D:2      | Reached ** piety under Trog
  1010 | D:2      | Reached skill level 5 in Maces & Flails
  1494 | D:2      | Reached XP level 4. HP: 40/40 MP: 3/3
  1889 | D:3      | Noticed Natasha
  1896 | D:3      | Killed Natasha
  1896 | D:3      | Reached skill level 6 in Maces & Flails
  2000 | D:3      | Noticed Sigmund
  2015 | D:3      | HP: 3/60 [something (7)]
  2015 | D:3      | HP: 1/60 [something (2)]
  2017 | D:3      | Mangled by Sigmund

Skill      XL: |  1  2  3  4 |
---------------+-------------+-----
Maces & Flails | 4 5 6 |  6.0
Fighting       | 4 |  4.3
Armour         | |  2.6
Dodging        | |  2.1
Stealth        | |  0.5

Action                   |  1- 3 |  4- 6 || total
-------------------------+-------+-------++-------
Melee: Mace              |    82 |    24 ||   106
       Headbutt          |     7 |     3 ||    10
Invok: Berserk           |       |     1 ||     1
  Eat: Chunk             |     2 |     1 ||     3
Armor: Animal skin       |    25 |     5 ||    30
Dodge: Dodged            |    81 |    12 ||    93
